Map: Eastwatch LE

Players

puCK (Nina)

  • Race: Protoss Protoss
  • Spawn Location: 7:00

Classic - Winner!

  • Race: Protoss Protoss
  • Spawn Location: 1:00

Event: WESG 2017 Haikou

VOD

Have the link to the VOD?

Description

Time

  • Played on: March 14, 2018, 2:45 a.m.
  • Length: 9:16

All games in this series

Show
View Real Time Build Order
Export as new Build Order

puCK Protoss 

Build Orders: Oracle Opening, Phoenix Opening 

Get SALT Encoding   

  12  0:00  Probe  
  13  0:13  Probe  
  14  0:17  Pylon  
  14  0:25  Probe (Chrono Boost)  
  15  0:37  Probe (Chrono Boost)  
  15  0:38  Gateway  
  16  0:44  Probe (Chrono Boost)  
  16  0:46  Assimilator  
  17  0:51  Probe (Chrono Boost)  
  17  0:55  Assimilator  
  18  1:03  Probe (Chrono Boost)  
  19  1:08  Gateway  
  19  1:12  Probe (Chrono Boost)  
  20  1:19  Probe  
  21  1:26  Cybernetics Core  
  21  1:31  Probe  
  22  1:37  Pylon  
  22  1:43  Probe  
  23  1:55  Probe  
  23  2:01  Warp Gate (Chrono Boost)  
  24  2:03  Stalker, Sentry  
  28  2:14  Pylon  
  28  2:25  Stargate  
  28  2:28  Probe  
  29  2:41  Probe  
  30  2:48  Shield Battery  
  30  2:57  Stalker x2  
  34  3:03  Pylon  
  34  3:10  Phoenix (Chrono Boost)  
  35  3:26  Phoenix  
  37  3:39  Nexus  
  37  3:49  Probe  
  40  3:59  Oracle (Chrono Boost)  
  42  4:07  Robotics Facility  
  41  4:10  Probe  
  42  4:22  Probe  
  43  4:33  Oracle (Chrono Boost), Pylon  
  43  4:34  Probe  
  47  4:51  Probe  
  48  4:56  Observer (Chrono Boost)  
  48  4:57  Probe  
  50  5:04  Stalker  
  52  5:13  Probe x2  
  53  5:23  Pylon  
  53  5:25  Probe x2  
  55  5:31  Immortal (Chrono Boost)  
  59  5:37  Probe x2  
  59  5:41  Pylon  
  61  5:44  Twilight Council  
  61  5:49  Probe x2  
  63  5:57  Nexus  
  63  6:01  Probe  
  63  6:02  Probe  
  65  6:08  Pylon  
  66  6:11  Observer  
  66  6:13  Gateway  
  66  6:18  Charge (Chrono Boost)  
  66  6:19  Gateway  
  66  6:27  Gateway  
  66  6:32  Gateway  
  66  6:36  Gateway  
  66  6:41  Gateway  
  66  6:44  Probe x2  
  68  6:49  Immortal (Chrono Boost)  
  72  6:56  Probe  
  72  7:00  Zealot x2  
  77  7:01  Probe  
  77  7:04  Assimilator  
  78  7:08  Pylon  
  78  7:12  Forge  
  78  7:14  Probe x2  
  80  7:19  Zealot  
  82  7:25  Zealot  
  82  7:26  Probe  
  85  7:32  Probe  
  85  7:35  Immortal  
  90  7:37  Templar Archives  
  90  7:38  Probe  
  90  7:44  Probe  
  93  7:46  Assimilator  
  93  7:49  Photon Cannon  
  93  8:02  Photon Cannon  
  93  8:04  Zealot  
  94  8:07  Zealot x2  
  94  8:11  Probe  
  101  8:18  Zealot x3  
  105  8:29  High Templar x2  
  105  8:33  Archon, Pylon  
  109  8:35  Pylon  
  109  8:37  Pylon  
  109  8:40  Pylon  
  109  8:41  Observer (Chrono Boost)  
  109  8:51  Zealot x3  
  109  8:52  Zealot  
  109  8:54  High Templar  
  119  8:57  High Templar  
  119  9:01  Archon  
  101  9:03  Zealot x2  
Show
View Real Time Build Order
Export as new Build Order

Classic Protoss - Winner!

Build Orders: Zealot Archon, Dark Templar Rush 

Get SALT Encoding   

  12  0:00  Probe  
  13  0:12  Probe  
  14  0:17  Pylon  
  14  0:24  Probe (Chrono Boost)  
  15  0:36  Probe (Chrono Boost)  
  15  0:38  Gateway  
  16  0:45  Probe (Chrono Boost)  
  16  0:48  Assimilator  
  17  0:51  Probe (Chrono Boost)  
  17  0:55  Assimilator  
  18  1:03  Probe (Chrono Boost)  
  19  1:11  Probe (Chrono Boost)  
  20  1:14  Gateway  
  20  1:17  Probe  
  21  1:26  Cybernetics Core  
  21  1:29  Probe  
  22  1:37  Pylon  
  22  1:41  Probe  
  23  1:55  Probe  
  24  2:05  Stalker, Warp Gate  
  24  2:08  Stalker  
  28  2:16  Twilight Council  
  28  2:31  Pylon  
  28  2:40  Pylon  
  27  2:46  Probe  
  28  2:52  Dark Shrine  
  28  3:06  Nexus  
  28  3:12  Stalker  
  30  3:16  Probe  
  31  3:24  Stalker  
  33  3:28  Probe  
  34  3:41  Probe, Pylon  
  35  3:53  Robotics Facility, Probe  
  36  4:05  Probe  
  36  4:07  Dark Templar  
  39  4:11  Dark Templar  
  41  4:18  Probe x2 (Chrono Boost)  
  43  4:28  Probe x2 (Chrono Boost)  
  45  4:32  Probe (Chrono Boost)  
  45  4:33  Probe (Chrono Boost)  
  47  4:40  Dark Templar  
  47  4:44  Dark Templar  
  49  4:46  Probe x2 (Chrono Boost)  
  49  4:52  Pylon  
  51  4:58  Probe x2 (Chrono Boost), Gateway  
  53  5:01  Blink (Chrono Boost)  
  53  5:06  Probe x2 (Chrono Boost)  
  55  5:13  Gateway  
  55  5:17  Probe x2, Assimilator  
  57  5:23  Stalker  
  57  5:27  Stalker  
  61  5:36  Pylon  
  61  5:42  Nexus  
  61  5:46  Assimilator  
  61  5:48  Archon  
  61  5:54  Stalker  
  61  5:55  Stalker  
  65  5:58  Stalker  
  65  6:03  Observer  
  68  6:06  Probe x2  
  68  6:08  Pylon  
  70  6:18  Probe x2  
  72  6:25  Gateway  
  72  6:28  Gateway  
  72  6:29  Gateway  
  72  6:33  Forge  
  72  6:34  Gateway  
  72  6:36  Probe x2  
  74  6:42  Charge (Chrono Boost)  
  74  6:48  Templar Archives, Probe x2  
  74  6:49  Observer  
  74  6:53  Pylon  
  77  6:54  Probe  
  77  7:00  Probe, Pylon  
  79  7:05  Gateway  
  79  7:07  Gateway  
  79  7:09  Protoss Ground Weapons Level 1 (Chrono Boost)  
  79  7:14  Dark Templar  
  81  7:19  Probe x3  
  84  7:23  Pylon  
  84  7:29  High Templar  
  85  7:30  Zealot x3, High Templar  
  85  7:36  Warp Prism (Chrono Boost)  
  91  7:38  Archon  
  91  7:40  Pylon  
  93  7:44  Pylon  
  93  7:47  Dark Templar  
  93  7:50  Zealot x3  
  101  7:55  Photon Cannon  
  101  8:00  Archon  
  101  8:05  High Templar  
  101  8:07  High Templar  
  101  8:08  Zealot x4  
  101  8:11  Pylon  
  101  8:12  Zealot, Archon  
  113  8:13  Zealot  
  113  8:15  Zealot  
  119  8:33  Assimilator  
  119  8:35  Zealot x3, High Templar x2, Assimilator  
  119  8:36  Zealot x3  
  119  8:38  Zealot  
  119  8:39  Archon  
  119  8:41  Zealot  
  139  8:44  Pylon  
  139  8:47  Pylon  
  139  9:00  Zealot x3  
  139  9:02  Zealot x4  
  143  9:05  Zealot  
  143  9:07  Zealot  
  143  9:08  Zealot  
Tags
 
Add a new tag
Caveats
  • Supply blocks, unpowered buildings, or Contaminate may cause inaccurate times.
  • Supply counts are checked every 10 seconds.